 Dungeon Crawl Stone Soup version 0.32-a0-928-g1cae6b7ea0 (webtiles) character file.

Game seed: 11709249374824305450

339 olourkin the Chopper (level 6, -5/44 HPs)
             Began as a Coglin Gladiator on Apr 12, 2024.
             Slain by a gnoll sergeant
             ... wielding a +0 spear
              (8 damage)
             ... on level 5 of the Dungeon.
             The game lasted 00:11:52 (3516 turns).

olourkin the Chopper (Coglin Gladiator)             Turns: 3516, Time: 00:11:53

Health: -5/44      AC:  8    Str: 16    XL:     6   Next: 55%
Magic:  6/6        EV: 10    Int:  7    God:
Gold:   208        SH:  0    Dex: 16    Spells: 5/5 levels left

rFire   . . .        a - +0 war axe {Enheduana}
rCold   . . .        l - +0 hand axe {Ning}
rNeg    . . .        x - +0 ring mail
rPois   .            c - +0 helmet
rElec   .            r - scarf {shadows}
rCorr   .            u - +1 pair of gloves
SInv    .            (no boots)
Will    .....        (amulet unavailable)
Stlth   +            (ring unavailable)
HPRegen 0.27/turn    (ring unavailable)
MPRegen 0.10/turn    (no gizmo)

%: no passive effects
@: revving
A: off-hand wielding, slow wielding, warmup strikes, no jewellery
a: Invent Gizmo


You were on level 5 of the Dungeon.
You visited 1 branch of the dungeon, and saw 5 of its levels.

You collected 208 gold pieces.

Inventory:

Hand Weapons
 a - a +0 war axe (weapon) {Enheduana}
 l - a +0 hand axe (offhand) {Ning}
Missiles
 d - 3 throwing nets
 e - a javelin
 i - 41 stones
 k - a boomerang (quivered)
Armour
 c - a +0 helmet (worn)
 r - a scarf of shadows (worn)
 u - a +1 pair of gloves (worn)
 x - a +0 ring mail (worn)
Scrolls
 g - 2 scrolls of immolation {unknown}
 h - 3 scrolls of teleportation {unknown}
 j - 2 scrolls of identify {unknown}
 s - 4 scrolls of fear {unknown}
 t - 2 scrolls of amnesia {unknown}
 v - a scroll of poison {unknown}
 y - a scroll of fog {unknown}
Potions
 b - 2 potions of cancellation {unknown}
 f - a potion of degeneration {unknown}
 m - a potion of curing {unknown}
 n - 2 potions of lignification {unknown}
 o - 3 potions of attraction {unknown}
 p - a potion of heal wounds {unknown}
 q - 4 potions of mutation {unknown}
 w - a potion of magic {unknown}
 z - a potion of brilliance {unknown}


   Skills:
 - Level 2.0 Fighting
 + Level 7.1 Axes
 - Level 1.8 Throwing
 - Level 2.7 Dodging


You had 5 spell levels left.
You didn't know any spells.
Your spell library contained the following spells:

 Spells                   Type           Power      Damage    Failure   Level
 Ensorcelled Hibernation  Hex/Ice        0%         N/A       80%         2
 Fugue of the Fallen      Necr           0%         N/A       95%         3
 Passwall                 Erth           0%         N/A       95%         3
 Swiftness                Air            0%         N/A       95%         3
 Anguish                  Hex/Necr       0%         N/A       100%        4


Dungeon Overview and Level Annotations

Branches:
Dungeon (5/15)
 Temple: D:4-7

Altars:
Zin

Annotations:
D:4 1 runed translucent door, swap's ghost, amateur FoFi


Innate Abilities, Weirdness & Mutations

You can wield a second weapon in your off-hand.
It takes a long time for you to wield or remove held weapons.
Your first few attacks do less damage.
You cannot equip rings or amulets.


Message History

Aim: a gnoll sergeant, wielding a +0 spear and wearing a +0 scale mail (65% to hit)
You throw a boomerang.
The boomerang hits the gnoll sergeant and shatters, but does no damage.
The gnoll sergeant hits you but does no damage.
A gnoll comes into view.
It is wielding a +2 flail of protection.
The gnoll sergeant misses you. The gnoll hits you but does no damage.
You hit the gnoll sergeant but do no damage. x2
The gnoll sergeant hits you with a +0 spear!
The gnoll closely misses you.
You closely miss the gnoll sergeant with your +0 hand axe.
You hit the gnoll sergeant with your +0 war axe.
The gnoll sergeant closely misses you.
The gnoll hits you from afar with a +0 spear.
You slash the gnoll sergeant with your +0 war axe!
The gnoll sergeant is moderately wounded.
You hit the gnoll sergeant with your +0 hand axe.
The gnoll sergeant hits you but does no damage.
The gnoll hits you from afar with a +0 spear.
You completely miss the gnoll sergeant with your +0 hand axe.
The gnoll sergeant is heavily wounded.
You slash the gnoll sergeant with your +0 war axe!
The gnoll sergeant hits you with a +0 spear.
The gnoll hits you from afar with a +0 spear.
You barely miss the gnoll sergeant with your +0 war axe.
The gnoll sergeant is almost dead.
You hit the gnoll sergeant but do no damage.
The gnoll sergeant hits you with a +0 spear!
* * * LOW HITPOINT WARNING * * *
The gnoll hits you from afar with a +0 spear!
* * * LOW HITPOINT WARNING * * *
The gnoll sergeant closely misses you.
The gnoll sergeant hits you from afar with a +0 spear!
* * * LOW HITPOINT WARNING * * *
Throw: boomerang
Press: ? - help, Q - select action, (/) - cycle Shift-Dir - straight line, f/p - gnoll sergeant
Aim: a gnoll sergeant, wielding a +0 spear and wearing a +0 scale mail (almost dead, 65% to hit)
You throw a boomerang. The boomerang hits the gnoll sergeant.
The gnoll sergeant is almost dead.
The gnoll sergeant hits you from afar with a +0 spear!
You die...

#####.###.......#.
#...g...g.##...##.
#.###.............
#.# #######...###
#g# ##.## #g# #.#
#g# #.# #.# ##'##
#@# ##...##
##.#########.....##
#.........#..)....#
#.....##...........
#.............)....
#.....##...........
#..#..##..#.......#
#..##.##..##.....##
#..##.##..###...##


You could see a gnoll sergeant and 2 gnolls.

Vanquished Creatures
  A phantom (D:5)
  2 scorpions
  A bombardier beetle (D:4)
  A gnoll (D:5)
  2 adders
  3 dart slugs
  2 orcs
  9 endoplasms
  3 giant cockroaches
  10 goblins
  8 hobgoblins
  12 jackals
  3 ball pythons
  7 bats
  9 frilled lizards
  9 kobolds
  7 rats
89 creatures vanquished.

Notes
Turn   | Place    | Note
-------+----------+-------------------------------------------
     0 | D:1      | olourkin the Coglin Gladiator began the quest for the Orb.
     0 | D:1      | Reached XP level 1. HP: 16/16 MP: 1/1
   142 | D:1      | Reached XP level 2. HP: 20/22 MP: 2/2
   458 | D:1      | Reached skill level 4 in Axes
   464 | D:1      | Reached XP level 3. HP: 27/27 MP: 3/3
  1417 | D:2      | Reached XP level 4. HP: 29/33 MP: 4/4
  2081 | D:3      | Reached skill level 5 in Axes
  2348 | D:3      | Found a glowing silver altar of Zin.
  2570 | D:4      | Reached XP level 5. HP: 38/38 MP: 5/5
  2711 | D:4      | Found a runed translucent door.
  2767 | D:4      | Reached skill level 6 in Axes
  2869 | D:4      | Noticed swap's ghost (amateur FoFi)
  3172 | D:5      | Entered Level 5 of the Dungeon
  3193 | D:5      | Reached XP level 6. HP: 30/44 MP: 6/6
  3414 | D:5      | Reached skill level 7 in Axes
  3514 | D:5      | HP: 2/44 [gnoll sergeant/+0 spear (8)]
  3516 | D:5      | Slain by a gnoll sergeant

Illustrated notes

Levels and vault maps discovered:
D:1:      tarquinn_simple_flora_water_e, layout_basic, minmay_indecisive_spiral
D:2:      layout_basic, serial_co_window_serial, co_window_paths_a,
          co_window_corner_a, co_window_cross_1, co_window_paths_a,
          co_window_of_opportunity_a, co_window_corner_a,
          co_window_of_opportunity_a, co_window_corner_b, co_window_2corner,
          co_window_corner_ca, co_window_broadway_c, co_window_broadway_a,
          co_window_4corner_b, glass_columns_c, glass_columns_c,
          glass_columns_b, glass_columns_c, dk_vineyard_1
D:3:      layout_rooms, zin_statuary, kennysheep_generic_room_15
D:4:      layout_basic, ebering_ghost_sewer_d
D:5:      layout_loops_corners, roderic_batcave, minmay_misc_feat_doors,
          uniq_grinder, uniq_sigmund

Skill      XL: |  1  2  3  4  5  6 |
---------------+-------------------+-----
Axes           | 4 5 6 7 |  7.1
Fighting       | |  2.0
Throwing       | |  1.8
Dodging        | |  2.7

Action                     |  1- 3 |  4- 6 || total
---------------------------+-------+-------++-------
  Melee: War axe           |    91 |    61 ||   152
         Dagger            |    68 |       ||    68
         Hand axe          |    12 |    60 ||    72
  Throw: Boomerang         |     2 |    22 ||    24
   Stab: Sleeping          |       |     1 ||     1
 Armour: Leather armour    |    51 |    13 ||    64
         Ring mail         |       |    31 ||    31
  Dodge: Dodged            |    62 |    28 ||    90

Table legend: (Time is in decaauts)
 A = Elapsed time spent in this place.
 B = Non-inter-level travel time spent in this place.
 C = Inter-level travel time spent in this place.
 D = Time resting spent in this place.
 E = Time spent auto-exploring this place.
 F = Levels seen in this place.
 G = Mean time per level.
                   A        B        C        D        E       F      G
               +--------+--------+--------+--------+--------+-----+--------+
         Total |   3545 |   3396 |    149 |    348 |   2258 |   5 |  709.0 |
       Dungeon |   3545 |   3396 |    149 |    348 |   2258 |   5 |  709.0 |
               +--------+--------+--------+--------+--------+-----+--------+

Top non-repeatable levels by time:
     D:2: 1134 daAuts
     D:1: 935 daAuts
     D:4: 688 daAuts
     D:3: 441 daAuts
     D:5: 346 daAuts
